 Dungeon Crawl Stone Soup version 0.29.0-15-g675c0067aa (webtiles) character file.

Game seed: 17532759573020502274

779 qw the Cleaver (level 7, -2/61 HPs)
             Began as a Minotaur Berserker on Sept 11, 2022.
             Was an Elder of Trog.
             Slain by Prince Ribbit (6 damage)
             ... on level 5 of the Dungeon.
             The game lasted 00:01:42 (3908 turns).

qw the Cleaver (Minotaur Berserker)                 Turns: 3908, Time: 00:01:42

Health: -2/61      AC:  7    Str: 24    XL:     7   Next: 54%
Magic:  5/5        EV: 10    Int:  4    God:    Trog [****..]
Gold:   199        SH:  0    Dex:  9    Spells: 6/6 levels left

rFire   . . .      SeeInvis .   Y - +1 hand axe (vamp)
rCold   + . .      Faith    .   (no shield)
rNeg    + . .      Spirit   .   c - +0 scale mail
rPois   .          Reflect  .   (helmet restricted)
rElec   +          Harm     .   a - +0 cloak
rCorr   .          Rampage  .   (no gloves)
Will    .....                   (no boots)
Stlth   ..........              (no amulet)
HPRegen 0.20/turn               b - ring of protection from cold
MPRegen 0.09/turn               n - ring of positive energy

@: on berserk cooldown, slowed, unable to read, very slow
A: horns 2, retaliatory headbutt, low MP 1, screaming 1, electricity resistance,
inability to read after injury 1
a: Renounce Religion, Berserk, Trog's Hand, Brothers in Arms


You were on level 5 of the Dungeon.
You worshipped Trog.
Trog was greatly pleased with you.
You visited 1 branch of the dungeon, and saw 5 of its levels.
You also visited: Sewer.

You collected 199 gold pieces.


Innate Abilities, Weirdness & Mutations

You have a pair of horns on your head.
You reflexively headbutt those who attack you in melee.
Your magical capacity is low. (-10% MP)
You occasionally shout uncontrollably at your foes.
You are resistant to electric shocks. (rElec)
You occasionally lose the ability to read scrolls when taking damage.


   Skills:
 - Level 5.4 Fighting
 + Level 9.9 Axes
 - Level 1.0 Throwing
 - Level 2.4 Armour
 - Level 2.1 Dodging


You had 6 spell levels left.
You didn't know any spells.
Your spell library was empty.

Inventory:

Hand Weapons
 i - the +12 mace "Tyiry" {spect, Int+2}
   (You found it in a sewer)

   When its wielder attacks, the weapon's spirit leaps out and strikes again.
   The spirit shares a part of any damage it takes with its wielder.
   Int:       It affects your intelligence (+2).
 Y - a +1 vampiric hand axe (weapon)
Missiles
 m - 4 javelins (quivered)
Armour
 a - a +0 cloak (worn)
 c - a +0 scale mail (worn)
Jewellery
 b - a ring of protection from cold (left hand)
 n - a ring of positive energy (right hand)
Scrolls
 g - a scroll of identify
Potions
 d - a potion of haste
 h - a potion of might {unknown}
 j - a potion of degeneration {unknown}
 k - a potion of flight {unknown}

Dungeon Overview and Level Annotations

Branches:
Dungeon (5/15)              Sewer (visited)
 Temple: D:4-7

Altars:
Fedhas
Makhleb
Uskayaw
Vehumet
Xom
The Shining One

Shops:
D:2 =

Annotations:
D:5 Prince Ribbit


Message History

The adder bites you but does no damage.
You closely miss the gnoll sergeant. You headbutt the gnoll sergeant!
The gnoll sergeant is severely wounded.
You barely miss the adder.
The gnoll sergeant hits you with a +0 trident.
The gnoll throws a throwing net.
The throwing net hits you.
You become entangled in the net!
The gnoll barely misses you.
You tear a large gash into the net.
The adder bites you but does no damage.
You struggle against the net.
You feel a strong urge to attack something.
The adder bites you. The gnoll barely misses you.
The gnoll hits you from afar with a +0 spear.
The gnoll sergeant hits you with a +0 trident.
You rip the net and break free!
You are no longer berserk.
You are exhausted.
You feel yourself slow down. The adder misses you. You furiously retaliate!
You headbutt the adder.
You kill the adder!
Trog accepts your kill.
You hit the gnoll sergeant.
You feel better.
The gnoll sergeant is almost dead.
You miss Prince Ribbit. You hit the gnoll.
The gnoll hits you but does no damage.
The gnoll hits you from afar with a +0 spear.
The gnoll sergeant hits you with a +0 trident.
The gnoll hits you but does no damage. Prince Ribbit barely misses you.
A howler monkey comes into view.
The gnoll hits you from afar with a +0 spear.
The gnoll sergeant hits you with a +0 trident!
You feel threatened and lose the ability to read scrolls!
The gnoll hits you from afar with a +0 spear.
You hit the gnoll sergeant but do no damage.
Your headbutt misses the gnoll sergeant.
The gnoll sergeant is almost dead.
You closely miss Prince Ribbit. You barely miss the gnoll.
Prince Ribbit misses you. You furiously retaliate!
You headbutt Prince Ribbit. Prince Ribbit hits you.
You die...

#.. #.. ...
##.. ...
##...## ....
###.....# .....
..h.....##
#.....
#...).<##......
##...).%%...#
##...F@#...#
#.###ggg#.# #.
#.#g..# #.
#.#hw.# . (..
..# . ... ....
.... .... ...#.
.##.


You could see Prince Ribbit, a black bear, a gnoll sergeant, a howler monkey, 3
gnolls and a dart slug.

Vanquished Creatures
  2 bullfrogs (Sewer)
  A necrophage (D:4)
  2 scorpions
  2 hounds (D:4)
  Crazy Yiuf (D:3)
  Terence (D:2)
  3 iguanas (D:4)
  Robin (D:3)
  5 adders
  8 gnolls
  A white imp (D:5)
  An ufetubus (D:4)
  2 worms
  3 dart slugs
  An orc (D:4)
  3 bats
  17 endoplasms
  14 giant cockroaches
  3 hobgoblins
  4 jackals (D:4)
  2 quokkas
  20 ball pythons
  13 frilled lizards
  17 goblins
  6 kobolds
  5 rats
138 creatures vanquished.

Vanquished Creatures (others)
  3 fungi (D:3)
  5 plants (D:4)
8 creatures vanquished.

Grand Total: 146 creatures vanquished

Notes
Turn   | Place    | Note
-------+----------+-------------------------------------------
     0 | D:1      | qw the Minotaur Berserker began the quest for the Orb.
     0 | D:1      | Reached XP level 1. HP: 19/19 MP: 0/0
     0 | D:1      | 0 ||| qw: Version: 0.1-a-119-g272c26d
     0 | D:1      | 0 ||| qw: Game counter: 10727
     0 | D:1      | 0 ||| qw: Always use a shield: true
     0 | D:1      | 0 ||| qw: Do Orc after D:15 true
     0 | D:1      | 0 ||| qw: Do second Lair branch before Depths: true
     0 | D:1      | 0 ||| qw: Lair rune preference: random
     0 | D:1      | 0 ||| qw: Plans: Normal
     0 | D:1      | 0 ||| PLANNING D:1-11
    15 | D:1      | 15 ||| Stepping ~*~*~tactically~*~*~ (hiding).
   118 | D:1      | 118 ||| Stepping ~*~*~tactically~*~*~ (hiding).
   125 | D:1      | Reached skill level 4 in Axes
   236 | D:1      | You fall into a shaft and drop 1 floor!
   285 | D:2      | Reached XP level 2. HP: 26/26 MP: 1/1
   289 | D:2      | 289 ||| INVOKING Berserk.
   290 | D:2      | 290 ||| INVOKING Berserk.
   362 | D:2      | 362 ||| Stepping ~*~*~tactically~*~*~ (stealth).
   376 | D:2      | 376 ||| READING scroll labelled TEEQ GOYRUPSIH.
   382 | D:2      | 382 ||| FLEEEEING.
   383 | D:2      | 383 ||| STAIRDANCE
   575 | D:1      | Reached skill level 5 in Axes
   698 | D:1      | 698 ||| SWAPPING to +1 hand axe of flaming.
   699 | D:1      | 699 ||| DROPPING +0 whip.
   700 | D:1      | 700 ||| DROPPING +0 hand axe.
   718 | D:1      | Reached XP level 3. HP: 31/31 MP: 2/2
   852 | D:1      | 852 ||| READING scroll labelled OROMUJ QEMUEFF.
   853 | D:1      | 853 ||| READING scroll labelled VIRREI HISIPT.
  1088 | D:2      | Noticed Terence
  1090 | D:2      | 1090 ||| Stepping ~*~*~tactically~*~*~ (stealth).
  1092 | D:2      | 1092 ||| Stepping ~*~*~tactically~*~*~ (stealth).
  1095 | D:2      | 1095 ||| INVOKING Berserk.
  1100 | D:2      | Killed Terence
  1101 | D:2      | Reached skill level 6 in Axes
  1101 | D:2      | Reached XP level 4. HP: 32/39 MP: 3/3
  1283 | D:2      | Found Noing's Jewellery Shop.
  1286 | D:2      | 1286 ||| SHOPLISTING +4 ring of evasion (468 gold, have
                  | 31).
  1286 | D:2      | 1286 ||| SHOPLISTING amulet of regeneration (390 gold, have
                  | 31).
  1286 | D:2      | 1286 ||| SHOPLISTING amulet of the acrobat (390 gold, have
                  | 31).
  1286 | D:2      | 1286 ||| SHOPLISTING ring of positive energy (260 gold,
                  | have 31).
  1286 | D:2      | 1286 ||| SHOPLISTING ring of protection from fire (325
                  | gold, have 31).
  1519 | D:2      | 1519 ||| UPGRADING to +0 scale mail.
  1529 | D:2      | 1529 ||| DROPPING +0 animal skin.
  1581 | D:3      | Found a glowing golden altar of the Shining One.
  1619 | D:3      | Reached ** piety under Trog
  1780 | D:3      | Found a hide-covered altar of Uskayaw.
  1781 | D:3      | 1781 ||| Stepping ~*~*~tactically~*~*~ (stealth).
  1785 | D:3      | Noticed Robin
  1790 | D:3      | 1790 ||| INVOKING Berserk.
  1793 | D:3      | Reached skill level 1 in Throwing
  1794 | D:3      | Killed Robin
  2140 | D:3      | Found a radiant altar of Vehumet.
  2218 | D:3      | Found a runed translucent door.
  2219 | D:3      | Noticed Crazy Yiuf
  2339 | D:3      | 2339 ||| UPGRADING to ring of protection from cold.
  2340 | D:3      | 2340 ||| READING scroll labelled OHEIBI UR WORU.
  2341 | D:3      | 2341 ||| DRINKING 2 ruby potions.
  2342 | D:3      | 2342 ||| READING 2 scrolls of identify.
  2342 | D:3      | 2342 ||| IDENTIFYING clear potion
  2343 | D:3      | 2343 ||| DROPPING potion of brilliance.
  2344 | D:3      | 2344 ||| Stepping randomly (stuck).
  2345 | D:3      | 2345 ||| INVOKING Berserk.
  2348 | D:3      | Killed Crazy Yiuf
  2349 | D:3      | Reached XP level 5. HP: 33/45 MP: 4/4
  2505 | D:3      | 2505 ||| UPGRADING to +0 cloak.
  2539 | D:4      | 2539 ||| PLANNING SEWER
  2566 | D:4      | Reached skill level 7 in Axes
  2923 | D:4      | Reached XP level 6. HP: 52/52 MP: 5/5
  2998 | D:4      | Found a glowing drain.
  2999 | D:4      | 2999 ||| READING scroll labelled ATTEQ MORGHAUDIUTS.
  3000 | D:4      | 3000 ||| READING scroll labelled DIURELAUMOI.
  3004 | D:4      | 3004 ||| FLEEEEING.
  3005 | D:4      | 3005 ||| FLEEEEING.
  3006 | D:4      | 3006 ||| FLEEEEING.
  3012 | D:4      | 3012 ||| FLEEEEING.
  3013 | D:4      | 3013 ||| FLEEEEING.
  3040 | Sewer    | Entered a sewer
  3106 | Sewer    | 3106 ||| Stepping ~*~*~tactically~*~*~ (stealth).
  3110 | Sewer    | Reached *** piety under Trog
  3172 | Sewer    | 3172 ||| Stepping ~*~*~tactically~*~*~ (water).
  3233 | Sewer    | 3233 ||| Stepping ~*~*~tactically~*~*~ (water).
  3245 | Sewer    | 3245 ||| Stepping ~*~*~tactically~*~*~ (water).
  3264 | Sewer    | Reached skill level 8 in Axes
  3401 | Sewer    | Identified the +12 mace "Tyiry" {spect, Int+2}
  3406 | Sewer    | 3406 ||| READING scroll labelled FEGOSE WEMUERA.
  3423 | D:4      | 3423 ||| PLANNING D:1-11
  3463 | D:4      | Reached skill level 9 in Axes
  3464 | D:4      | Found a shimmering altar of Xom.
  3466 | D:4      | Found a shimmering altar of Xom.
  3466 | D:4      | Found a shimmering altar of Xom.
  3468 | D:4      | Found a shimmering altar of Xom.
  3484 | D:4      | Found a shimmering altar of Xom.
  3486 | D:4      | Found a shimmering altar of Xom.
  3487 | D:4      | Found a shimmering altar of Xom.
  3569 | D:4      | Reached XP level 7. HP: 57/60 MP: 6/6
  3585 | D:4      | Found a burning altar of Makhleb.
  3585 | D:4      | Found a blossoming altar of Fedhas.
  3786 | D:4      | 3786 ||| UPGRADING to ring of positive energy.
  3787 | D:4      | 3787 ||| DRINKING 2 fizzy orange potions.
  3787 | D:4      | Gained mutation: You are frail. (-10% HP) [potion of
                  | mutation]
  3787 | D:4      | Gained mutation: You have sharp toenails. [potion of
                  | mutation]
  3788 | D:4      | 3788 ||| DRINKING potion of mutation.
  3788 | D:4      | Lost mutation: You are frail. (-10% HP) [potion of
                  | mutation]
  3788 | D:4      | Lost mutation: You have sharp toenails. [potion of
                  | mutation]
  3788 | D:4      | Gained mutation: You occasionally shout uncontrollably at
                  | your foes. [potion of mutation]
  3788 | D:4      | Gained mutation: Your magical capacity is low. (-10% MP)
                  | [potion of mutation]
  3788 | D:4      | Gained mutation: You occasionally lose the ability to read
                  | scrolls when taking damage. [potion of mutation]
  3788 | D:4      | Gained mutation: You are resistant to electric shocks.
                  | (rElec) [potion of mutation]
  3816 | D:4      | 3816 ||| DRINKING 3 golden potions.
  3842 | D:4      | 3842 ||| READING 2 scrolls of identify.
  3842 | D:4      | 3842 ||| IDENTIFYING fuming sapphire potion
  3843 | D:4      | 3843 ||| DROPPING potion of magic.
  3844 | D:4      | 3844 ||| DROPPING 2 potions of lignification.
  3853 | D:5      | Entered Level 5 of the Dungeon
  3854 | D:5      | 3854 ||| STAIRDANCE
  3861 | D:5      | 3861 ||| STAIRDANCE
  3868 | D:5      | 3868 ||| STAIRDANCE
  3875 | D:5      | 3875 ||| STAIRDANCE
  3881 | D:4      | Reached **** piety under Trog
  3891 | D:5      | Noticed Prince Ribbit
  3894 | D:5      | 3894 ||| INVOKING Berserk.
  3907 | D:5      | HP: 10/61 [gnoll sergeant/+0 trident (8)]
  3907 | D:5      | HP: 4/61 [gnoll/+0 spear[a gnoll sergeant] (6)]
  3908 | D:5      | Slain by Prince Ribbit

Levels and vault maps discovered:
D:1:      beargit_arrival_greenhouse, layout_rooms
D:2:      layout_basic, serial_shops, nicolae_shop_window_shopping,
          corexii_corridor_pit, uniq_terence
D:3:      layout_loops_ring, lemuel_round_altar,
          mainiacjoe_overflow_large_starburst, minmay_hedge_maze,
          uniq_crazy_yiuf_cottage, uniq_robin
D:4:      wander_river, layout_basic, nicolae_xom_altar_mimics,
          grunt_temple_overflow_open, cheibrodos_sewer_entry_drain,
          serial_curves, eino_curves_03, eino_curves_01,
          eino_small_chamber_without_monster, minmay_lizard_king
D:5:      cheibrodos_barr_body, layout_rooms, nicolae_overflow_hidden_temple,
          lemuel_crystal_altar, uniq_prince_ribbit1

Skill      XL: |  1  2  3  4  5  6  7 |
---------------+----------------------+-----
Axes           | 4 5 6 7 9 |  9.9
Throwing       | 1 |  1.0
Fighting       | 4 5 |  5.4
Armour         | |  2.4
Dodging        | |  2.1

Action                   |  1- 3 |  4- 6 |  7- 9 || total
-------------------------+-------+-------+-------++-------
Melee: Hand axe          |    57 |   148 |    33 ||   238
       Headbutt          |    10 |    11 |     9 ||    30
       Punch             |       |     1 |       ||     1
Throw: Javelin           |       |    32 |     3 ||    35
Invok: Berserk           |     2 |     2 |     1 ||     5
  Use: Scroll            |     3 |     5 |     1 ||     9
       Potion            |       |     1 |     3 ||     4
Armor: Animal skin       |     8 |       |       ||     8
       Scale mail        |       |    42 |    19 ||    61
Dodge: Dodged            |    27 |    58 |    34 ||   119

Table legend:
 A = Non-vault XP
 B = Vault XP
 C = Vault XP percentage of total XP
 D = Non-vault monster count
 E = Vault monster count
 F = Vault count percentage of total count
                 A         B        C        D         E       F
            +---------+---------+-------+---------+---------+-------
      Total |     720 |     394 |  35.4 |      80 |      58 |  42.0
            +---------+---------+-------+---------+---------+-------
        D:1 |      43 |       0 |   0.0 |      23 |       0 |   0.0
        D:2 |      38 |      36 |  48.6 |      12 |       1 |   7.7
        D:3 |      30 |      74 |  71.2 |      12 |      12 |  50.0
        D:4 |     457 |      47 |   9.3 |      27 |      12 |  30.8
        D:5 |     152 |       0 |   0.0 |       6 |       0 |   0.0
      Sewer |       0 |     237 | 100.0 |       0 |      33 | 100.0
            +---------+---------+-------+---------+---------+-------
